Map: King Sejong Station LE

Players

blackxored - Winner!

  • Race: Zerg Zerg
  • League: Diamond

Laerias

  • Race: Protoss Protoss
  • League: Platinum

VOD

Have the link to the VOD?

Description

Time

  • Played on: July 3, 2016, 6:54 a.m.
  • Length: 21:55
Show
View Real Time Build Order
Export as new Build Order

blackxored Zerg - Winner!

Build Orders: Hatch First 

Get SALT Encoding   

  12  0:01  Drone  
  13  0:11  Drone  
  14  0:20  Overlord  
  14  0:25  Extractor  
  14  0:26  Drone  
  15  0:41  Drone x2  
  17  0:54  Hatchery  
  16  0:57  Drone  
  16  1:00  Drone  
  18  1:10  Drone  
  19  1:12  Extractor  
  18  1:22  Spawning Pool  
  18  1:24  Drone  
  18  1:27  Drone  
  19  1:38  Drone  
  20  1:55  Hatchery  
  19  2:02  Overlord  
  19  2:07  Drone x2  
  21  2:11  Queen  
  21  2:15  Zergling x2  
  24  2:20  Metabolic Boost  
  24  2:25  Zergling x2  
  25  2:32  Overlord  
  25  2:35  Drone x2  
  27  2:50  Queen  
  29  2:52  Drone x2  
  29  2:54  Drone  
  32  3:02  Drone x2  
  34  3:09  Drone x2  
  34  3:11  Queen  
  38  3:16  Pneumatized Carapace  
  38  3:19  Zergling x2  
  39  3:21  Zergling x2  
  39  3:22  Zergling x2  
  41  3:32  Drone x4  
  45  3:37  Drone x2  
  45  3:39  Overlord  
  47  3:46  Drone  
  48  3:52  Drone x2, Evolution Chamber  
  48  3:53  Baneling Nest  
  48  4:10  Drone x2  
  48  4:11  Drone  
  51  4:18  Extractor  
  50  4:25  Zergling x16  
  58  4:41  Overlord x2  
  58  4:42  Overlord  
  57  4:56  Zergling x2  
  58  5:04  Zergling x2  
  58  5:05  Zergling x20  
  58  5:06  Baneling  
  58  5:07  Baneling x12  
  69  5:08  Baneling  
  68  5:15  Baneling  
  68  5:17  Baneling  
  68  5:28  Zergling x20  
  77  5:47  Zergling x8  
  81  5:50  Overlord x3  
  81  5:53  Baneling  
  76  6:07  Zergling x14  
  68  6:19  Baneling x9  
  68  6:20  Zergling x12, Baneling x3  
  68  6:29  Zergling x6  
  62  6:34  Zergling x2  
  53  6:40  Zergling x4  
  50  6:48  Zergling x4  
  50  6:50  Baneling x2  
  50  6:51  Zergling x2  
  50  6:53  Queen x2, Baneling x3  
  57  6:57  Zergling x4  
  57  7:01  Zergling x2  
  60  7:04  Zerg Melee Weapons Level 1  
  60  7:07  Zergling x2  
  61  7:16  Zergling x12  
  61  7:17  Zergling x2  
  66  7:25  Zergling x2  
  67  7:30  Zergling x2  
  67  7:38  Spine Crawler  
  67  7:39  Zergling x4  
  67  7:41  Baneling x7  
  67  7:42  Baneling x2  
  68  7:49  Zergling x12  
  68  7:50  Zergling x2  
  75  7:52  Baneling  
  75  7:53  Baneling  
  75  8:10  Overlord x3  
  75  8:12  Lair  
  75  8:22  Overlord x3  
  75  8:25  Hatchery  
  70  8:51  Baneling x2  
  70  8:52  Hatchery  
  70  8:53  Baneling  
  69  9:02  Zerg Ground Armor Level 1  
  69  9:06  Evolution Chamber  
  68  9:33  Zerg Melee Weapons Level 2  
  68  9:37  Infestation Pit  
  67  9:39  Extractor, Drone x3  
  67  9:40  Extractor, Drone x3  
  67  9:43  Drone x3  
  67  9:44  Drone x2  
  76  9:47  Drone x2  
  76  9:48  Drone x3  
  81  9:55  Zergling x4  
  81  9:57  Baneling x4  
  81  9:58  Baneling  
  81  10:14  Drone x8  
  81  10:15  Drone  
  81  10:17  Extractor  
  81  10:18  Hive  
  81  10:19  Extractor  
  88  10:25  Drone  
  89  10:36  Overseer  
  89  10:44  Drone  
  89  10:45  Drone x3  
  89  10:46  Drone x12  
  105  10:51  Spire  
  104  11:02  Queen  
  104  11:03  Queen  
  108  11:04  Drone  
  108  11:07  Extractor, Drone x5  
  108  11:09  Extractor  
  108  11:10  Drone  
  113  11:14  Zerg Ground Armor Level 2  
  113  11:25  Baneling x4  
  113  11:37  Adrenal Glands  
  113  11:58  Hatchery  
  112  12:13  Corruptor  
  112  12:14  Corruptor x7  
  126  12:16  Greater Spire  
  126  12:17  Overlord x4  
  126  12:31  Ultralisk Cavern  
  126  12:33  Overlord x3  
  126  12:34  Overlord  
  126  12:35  Overseer  
  125  12:50  Zerg Melee Weapons Level 3  
  124  13:09  Drone  
  124  13:10  Drone  
  126  13:30  Brood Lord x4  
  126  13:31  Corruptor, Brood Lord x4  
  126  13:32  Corruptor  
  146  13:38  Extractor x2  
  146  13:40  Drone x6  
  149  13:44  Chitinous Plating  
  149  13:59  Zerg Ground Armor Level 3  
  149  14:03  Corruptor x2  
  152  14:13  Drone x10, Hatchery  
  161  14:18  Corruptor x3  
  167  14:26  Corruptor x2  
  150  14:52  Centrifical Hooks  
  136  15:02  Spore Crawler  
  136  15:03  Corruptor x4  
  136  15:04  Corruptor x2  
  145  15:22  Corruptor x3  
  145  15:23  Extractor  
  150  15:31  Spore Crawler  
  150  15:33  Zergling x2  
  150  15:34  Zergling x60  
  180  15:44  Zerg Flyer Weapons Level 1  
  177  16:19  Overlord x4, Spire  
  177  16:22  Extractor  
  175  16:26  Extractor  
  175  16:28  Hatchery  
  171  16:43  Zergling x8  
  171  16:44  Zergling x46  
  198  16:50  Overlord x3  
  190  17:24  Drone x3  
  192  17:34  Overseer x3  
  180  18:21  Zergling x10  
  180  18:22  Zergling x30  
  194  18:29  Zerg Flyer Armor Level 1  
  159  19:05  Corruptor  
  159  19:06  Corruptor x14  
  169  19:34  Corruptor  
  169  19:35  Corruptor x6  
  169  19:36  Corruptor x2  
  169  19:38  Brood Lord x2  
  178  19:39  Brood Lord x4  
  155  20:09  Zergling x6  
  155  20:10  Zergling x18  
  158  20:34  Overseer x2  
  158  20:38  Hatchery  
  149  20:56  Ultralisk  
  155  21:10  Drone x4  
  138  21:31  Zergling x8  
Show
View Real Time Build Order
Export as new Build Order

Laerias Protoss 

Build Orders: 1 Gate Expand 

Get SALT Encoding   

  12  0:01  Probe (Chrono Boost)  
  13  0:12  Probe (Chrono Boost)  
  14  0:22  Pylon  
  14  0:23  Probe (Chrono Boost)  
  15  0:40  Probe (Chrono Boost)  
  16  0:47  Gateway  
  16  0:51  Probe (Chrono Boost)  
  16  0:54  Assimilator  
  17  1:01  Probe (Chrono Boost)  
  18  1:12  Probe (Chrono Boost)  
  19  1:23  Probe (Chrono Boost)  
  20  1:29  Nexus  
  20  1:35  Pylon  
  20  1:44  Cybernetics Core  
  21  1:47  Probe (Chrono Boost)  
  21  1:52  Assimilator  
  21  1:57  Probe (Chrono Boost)  
  22  2:08  Probe (Chrono Boost)  
  23  2:18  Forge  
  23  2:24  Mothership Core (Chrono Boost)  
  23  2:25  Warp Gate  
  25  2:32  Gateway  
  24  2:40  Gateway  
  24  2:43  Probe (Chrono Boost)  
  25  2:52  Protoss Ground Weapons Level 1 (Chrono Boost)  
  25  2:53  Probe (Chrono Boost)  
  25  2:54  Probe  
  27  2:59  Sentry  
  27  3:05  Probe  
  30  3:06  Probe  
  31  3:17  Probe x2  
  33  3:28  Probe  
  33  3:29  Probe  
  35  3:38  Probe  
  35  3:41  Probe  
  37  3:42  Gateway  
  37  3:49  Gateway, Probe  
  37  3:53  Sentry, Probe  
  37  3:54  Sentry  
  43  3:59  Pylon, Probe  
  44  4:05  Probe  
  45  4:10  Probe  
  46  4:17  Probe  
  46  4:18  Photon Cannon  
  46  4:20  Probe  
  48  4:27  Pylon  
  48  4:29  Probe  
  49  4:37  Protoss Ground Armor Level 1 (Chrono Boost)  
  49  4:38  Pylon  
  49  4:41  Stalker  
  49  4:42  Stalker  
  53  4:52  Pylon  
  53  4:57  Assimilator  
  53  5:01  Assimilator  
  53  5:03  Pylon  
  53  5:07  Zealot x4  
  53  5:11  Pylon  
  53  5:13  Pylon  
  61  5:16  Zealot  
  63  5:24  Robotics Facility  
  63  5:25  Probe  
  63  5:27  Probe  
  65  5:35  Zealot  
  67  5:36  Sentry, Stalker, Probe  
  67  5:37  Sentry  
  67  5:38  Sentry  
  74  6:11  Stalker  
  74  6:12  Stalker x4  
  63  6:35  Zealot x2  
  63  6:36  Zealot x3  
  59  6:54  Nexus  
  59  6:57  Pylon  
  59  7:00  Pylon  
  59  7:25  Stalker x5  
  69  7:30  Photon Cannon  
  69  7:32  Photon Cannon  
  69  7:35  Gateway  
  69  7:46  Gateway  
  69  7:47  Gateway  
  69  7:52  Stargate  
  69  7:56  Twilight Council  
  69  8:03  Forge  
  69  8:07  Sentry x2  
  73  8:27  Immortal  
  77  8:36  Sentry x3  
  77  8:40  Charge  
  83  8:51  Protoss Ground Armor Level 2 (Chrono Boost)  
  83  8:52  Protoss Ground Weapons Level 2 (Chrono Boost)  
  83  9:01  Probe x3  
  86  9:13  Probe x2  
  88  9:18  Templar Archives  
  88  9:20  Observer, Pylon  
  89  9:34  Probe x2  
  89  9:35  Probe  
  92  9:39  Assimilator  
  92  9:46  Probe x2  
  92  9:47  Probe  
  92  9:48  Observer (Chrono Boost)  
  96  9:58  Probe  
  96  9:59  Probe  
  98  10:01  Probe  
  98  10:06  Assimilator  
  95  10:09  Immortal  
  95  10:10  Probe  
  95  10:11  Probe  
  95  10:13  Probe  
  95  10:14  Psionic Storm  
  102  10:21  High Templar  
  102  10:22  High Templar x2  
  108  10:30  Probe x3  
  111  10:37  Zealot x2  
  111  10:38  Sentry x2  
  111  10:42  Probe x2  
  121  10:43  Probe  
  121  10:44  Protoss Ground Armor Level 3 (Chrono Boost)  
  122  11:00  Protoss Ground Weapons Level 3 (Chrono Boost)  
  122  11:05  Pylon  
  122  11:23  Immortal, Phoenix (Chrono Boost)  
  128  11:32  Photon Cannon  
  128  11:37  Pylon  
  128  11:42  Photon Cannon  
  128  11:48  Phoenix (Chrono Boost)  
  128  11:50  Stargate  
  128  11:52  Gateway  
  128  11:53  Gateway  
  126  12:09  Phoenix (Chrono Boost)  
  127  12:31  Phoenix (Chrono Boost)  
  127  12:34  Zealot x2  
  127  12:35  Zealot x3  
  139  12:48  Stalker  
  141  13:01  Pylon  
  141  13:02  Protoss Shields Level 1  
  141  13:19  Observer, Phoenix (Chrono Boost)  
  146  13:22  Photon Cannon, Phoenix (Chrono Boost)  
  146  13:25  Stalker  
  148  13:29  Gateway  
  148  13:35  Pylon  
  148  13:36  Pylon  
  148  13:51  Pylon  
  148  13:53  Phoenix (Chrono Boost)  
  152  13:56  Immortal, Phoenix (Chrono Boost)  
  152  14:01  Nexus  
  156  14:04  Pylon  
  156  14:12  Gateway  
  156  14:15  Pylon  
  156  14:20  Zealot x6  
  168  14:29  Probe x2  
  158  15:01  Zealot  
  158  15:02  Zealot x2  
  158  15:03  Zealot  
  166  15:28  Zealot  
  166  15:30  Zealot x5  
  166  15:31  Zealot x2  
  182  15:40  Protoss Shields Level 2  
  182  15:44  Photon Cannon  
  182  15:46  Photon Cannon  
  182  15:47  Assimilator  
  182  15:49  Photon Cannon  
  180  15:50  Phoenix (Chrono Boost)  
  180  15:51  Assimilator  
  180  15:52  Photon Cannon  
  180  15:53  Phoenix (Chrono Boost)  
  176  16:01  Protoss Air Weapons Level 1  
  162  16:05  Blink  
  162  16:07  Fleet Beacon  
  162  16:08  Gateway  
  162  16:11  Gateway, Phoenix (Chrono Boost)  
  138  16:18  Phoenix (Chrono Boost)  
  166  16:33  Phoenix (Chrono Boost)  
  167  16:41  Zealot  
  167  16:42  Zealot x2  
  173  16:48  Zealot x2  
  173  16:49  Zealot x5  
  173  16:50  Zealot  
  191  16:57  Anion Pulse-Crystals, Phoenix (Chrono Boost)  
  183  17:17  Photon Cannon  
  183  17:32  Void Ray (Chrono Boost)  
  185  17:42  Pylon  
  173  17:45  Void Ray (Chrono Boost)  
  163  18:26  Void Ray (Chrono Boost)  
  160  18:31  Void Ray (Chrono Boost)  
  154  18:38  Stalker x4  
  154  18:39  Stalker x4  
  144  18:58  Zealot  
  144  18:59  Zealot x4  
  150  19:03  Phoenix (Chrono Boost)  
  128  19:12  Phoenix (Chrono Boost)  
  128  19:24  Phoenix (Chrono Boost), Zealot x3  
  134  19:37  Phoenix (Chrono Boost)  
  107  19:49  High Templar x4  
  115  19:53  Archon x2  
Tags
 
Add a new tag
Caveats
  • Supply blocks, unpowered buildings, or Contaminate may cause inaccurate times.
  • Supply counts are checked every 10 seconds.